PR
MEMPHIS MUSIC @ VALLEY VIEW COUGARS
07/02/2034
 
TOP OF THE 1ST
Memphis Music batting - Pitching for Valley View Cougars : RHP Ian Dobson
Pitching: RHP Ian Dobson
Batting: LHB Luther Greene 0-0: Fly out, F9 (Flyball, 89M)
Batting: RHB Ryan Coakley 0-0: Fly out, F8 (Flyball, 8RS)
Batting: LHB Gabriel Muńóz 0-0: Ball
1-0: Ball
2-0: Ball
3-0: Called Strike
3-1: Foul Ball, location: 2F
3-2: Fly out, F9 (Line Drive, 9D)
Top of the 1st over - 0 runs, 0 hits, 0 errors, 0 left on base; Memphis 0 - Valley View 0
BOTTOM OF THE 1ST
Valley View Cougars batting - Pitching for Memphis Music : LHP Brant Mielke
Pitching: LHP Brant Mielke
Batting: RHB Gene Payne 0-0: Called Strike
0-1: Called Strike
0-2: Ball
1-2: Ball
2-2: Strikes out looking
Batting: LHB Guan-pei Bei 0-0: Fly out, F8 (Flyball, 89D)
Batting: SHB Jesús Beldad 0-0: Foul Ball, location: 2F
0-1: Foul Ball, location: 2F
0-2: Ball
1-2: SINGLE (Groundball, 56D)
Batting: RHB Luis Rodríguez 0-0: Fly out, F7 (Flyball, 78S)
Bottom of the 1st over - 0 runs, 1 hit, 0 errors, 1 left on base; Memphis 0 - Valley View 0
TOP OF THE 2ND
Memphis Music batting - Pitching for Valley View Cougars : RHP Ian Dobson
Batting: RHB Pellervo Rintanen 0-0: Swinging Strike
0-1: Swinging Strike
0-2: Foul Ball, location: 2F
0-2: Ball
1-2: Strikes out swinging
Batting: RHB Gene Wilson 0-0: Fly out, F3 (Popup, 3DF)
Batting: RHB Brian Cronk 0-0: Ball
1-0: Ball
2-0: Ball
3-0: Base on Balls
Batting: RHB Jeffrey O'Tarcert 0-0: Called Strike
0-1: Ball
1-1: Called Strike
1-2: Strikes out swinging
Top of the 2nd over - 0 runs, 0 hits, 0 errors, 1 left on base; Memphis 0 - Valley View 0
BOTTOM OF THE 2ND
Valley View Cougars batting - Pitching for Memphis Music : LHP Brant Mielke
Batting: LHB Tim Gonzáles 0-0: Ball
1-0: Called Strike
1-1: Ball
2-1: Foul Ball, location: 2F
2-2: Ball
3-2: Foul Ball, location: 2F
3-2: Base on Balls
Batting: RHB Salvador Hernández 0-0: Ball
1-0: Foul Ball, location: 2F
1-1: Foul Ball, location: 2F
1-2: Fly out, F7 (Flyball, 7LM)
Batting: RHB Domingo Cabrera 0-0: Fly out, F8 (Flyball, 8RD)
Batting: LHB Ricardo Yates 0-0: Ball
1-0: Ball
2-0: SINGLE (Line Drive, 6MD)
Tim Gonzáles to second
Batting: SHB Marc Cadiou 0-0: Ball
1-0: Ball
2-0: Foul Ball, location: 2F
2-1: Ball
Wild Pitch!
Tim Gonzáles to third
Ricardo Yates to second
3-1: Base on Balls
Batting: RHB Gene Payne 0-0: Foul Ball, location: 2F
0-1: Ball
1-1: Foul Ball, location: 2F
1-2: Fly out, F8 (Flyball, 8RD)
Bottom of the 2nd over - 0 runs, 1 hit, 0 errors, 3 left on base; Memphis 0 - Valley View 0
TOP OF THE 3RD
Memphis Music batting - Pitching for Valley View Cougars : RHP Ian Dobson
Batting: LHB Valke van der Heide 0-0: Called Strike
0-1: Called Strike
0-2: Ball
1-2: Strikes out swinging
Batting: RHB Richard Arnie 0-0: Ball
1-0: Called Strike
1-1: Ball
2-1: Ball
3-1: Swinging Strike
3-2: Strikes out swinging
Batting: LHB Luther Greene 0-0: Called Strike
0-1: SINGLE (Flyball, 7LS)
Batting: RHB Ryan Coakley 0-0: Called Strike
0-1: Ball
1-1: Foul Ball, location: 2F
1-2: Ball
2-2: Ground out 4-3 (Groundball, 4)
Top of the 3rd over - 0 runs, 1 hit, 0 errors, 1 left on base; Memphis 0 - Valley View 0
BOTTOM OF THE 3RD
Valley View Cougars batting - Pitching for Memphis Music : LHP Brant Mielke
Batting: LHB Guan-pei Bei 0-0: Called Strike
0-1: Ball
1-1: Bunted foul
1-2: SINGLE (Groundball, 34D)
Batting: SHB Jesús Beldad 0-0: Swinging Strike
0-1: Ball
1-1: Ball
2-1: Ball
3-1: Fly out, F4 (Line Drive, 4M)
Batting: RHB Luis Rodríguez 0-0: Called Strike
0-1: Foul Ball, location: 2F
0-2: Strikes out looking
Batting: LHB Tim Gonzáles 0-0: 2-RUN HOME RUN (Flyball, 9LD), Distance : 348 ft
Batting: RHB Salvador Hernández 0-0: Fly out, F8 (Flyball, 78D)
Bottom of the 3rd over - 2 runs, 2 hits, 0 errors, 0 left on base; Memphis 0 - Valley View 2
TOP OF THE 4TH
Memphis Music batting - Pitching for Valley View Cougars : RHP Ian Dobson
Batting: LHB Gabriel Muńóz 0-0: Ball
1-0: Fly out, F8 (Flyball, 8RS)
Batting: RHB Pellervo Rintanen 0-0: Called Strike
0-1: Ball
1-1: Called Strike
1-2: Strikes out swinging
Batting: RHB Gene Wilson 0-0: Called Strike
0-1: SINGLE (Line Drive, 4M)
Batting: RHB Brian Cronk 0-0: Ball
1-0: Swinging Strike
1-1: Ball
2-1: Foul Ball, location: 2F
2-2: Ball
3-2: Foul Ball, location: 2F
3-2: SINGLE (Groundball, 56D)
Gene Wilson to second
Gene Wilson to third
Batting: RHB Jeffrey O'Tarcert 0-0: Ground out 6-3 (Groundball, 6S)
Top of the 4th over - 0 runs, 2 hits, 0 errors, 2 left on base; Memphis 0 - Valley View 2
BOTTOM OF THE 4TH
Valley View Cougars batting - Pitching for Memphis Music : LHP Brant Mielke
Batting: RHB Domingo Cabrera 0-0: Foul Ball, location: 2F
0-1: Called Strike
0-2: Ground out 1-3 (Groundball, 13S)
Batting: LHB Ricardo Yates 0-0: Fly out, F4 (Popup, 4)
Batting: SHB Marc Cadiou 0-0: Ball
1-0: Foul Ball, location: 2F
1-1: Foul Ball, location: 2F
1-2: Strikes out swinging
Bottom of the 4th over - 0 runs, 0 hits, 0 errors, 0 left on base; Memphis 0 - Valley View 2
TOP OF THE 5TH
Memphis Music batting - Pitching for Valley View Cougars : RHP Ian Dobson
Batting: LHB Valke van der Heide 0-0: Swinging Strike
0-1: Ball
1-1: Ball
2-1: Swinging Strike
2-2: Ball
3-2: Foul Ball, location: 2F
3-2: Strikes out swinging
Batting: RHB Richard Arnie 0-0: Ball
1-0: Ground out 5-3 (Groundball, 56)
Batting: LHB Luther Greene 0-0: Called Strike
0-1: Foul Ball, location: 2F
0-2: Ball
1-2: Foul Ball, location: 2F
1-2: Foul Ball, location: 2F
1-2: SINGLE (Flyball, 9S)
Batting: RHB Ryan Coakley Pickoff Throw to First - Error! E1
Luther Greene to second
0-0: SINGLE (Groundball, 34D)
Luther Greene to third
Runner from 3rd tries for Home, SAFE, no throw
Batting: LHB Gabriel Muńóz 0-0: Called Strike
0-1: Ball
1-1: Foul Ball, location: 2F
1-2: Foul Ball, location: 2F
1-2: Strikes out swinging
Top of the 5th over - 1 run, 2 hits, 1 error, 1 left on base; Memphis 1 - Valley View 2
BOTTOM OF THE 5TH
Valley View Cougars batting - Pitching for Memphis Music : LHP Brant Mielke
Batting: RHB Gene Payne 0-0: Ball
1-0: Fly out, F6 (Popup, P)
Batting: LHB Guan-pei Bei 0-0: Ball
1-0: Ground out 3-1 (Groundball, 34)
Batting: SHB Jesús Beldad 0-0: Fly out, F8 (Flyball, 8RM)
Bottom of the 5th over - 0 runs, 0 hits, 0 errors, 0 left on base; Memphis 1 - Valley View 2
TOP OF THE 6TH
Memphis Music batting - Pitching for Valley View Cougars : RHP Ian Dobson
Batting: RHB Pellervo Rintanen 0-0: Called Strike
0-1: Ball
1-1: Called Strike
1-2: Ball
2-2: Strikes out swinging
Batting: RHB Gene Wilson 0-0: Foul Ball, location: 2F
0-1: Foul Ball, location: 2F
0-2: Strikes out swinging
Batting: RHB Brian Cronk 0-0: Ball
1-0: Ball
2-0: Swinging Strike
2-1: Foul Ball, location: 2F
2-2: Foul Ball, location: 2F
2-2: Ball
3-2: Foul Ball, location: 2F
3-2: SOLO HOME RUN (Flyball, 9LD), Distance : 337 ft
Batting: RHB Jeffrey O'Tarcert 0-0: Ball
1-0: Called Strike
1-1: Swinging Strike
1-2: Ball
2-2: Strikes out looking
Top of the 6th over - 1 run, 1 hit, 0 errors, 0 left on base; Memphis 2 - Valley View 2
BOTTOM OF THE 6TH
Valley View Cougars batting - Pitching for Memphis Music : LHP Brant Mielke
Batting: RHB Luis Rodríguez 0-0: Called Strike
0-1: Ball
1-1: SINGLE (Flyball, 7S)
Batting: LHB Tim Gonzáles 0-0: Foul Ball, location: 2F
0-1: Ball
1-1: Ball
Passed Ball!
Luis Rodríguez to second
2-1: Intentional Walk
Batting: RHB Salvador Hernández 0-0: Ball
1-0: Ball
2-0: Ball
3-0: Base on Balls
Luis Rodríguez to third
Tim Gonzáles to second
Batting: RHB Domingo Cabrera 0-0: Called Strike
0-1: Ball
1-1: Called Strike
1-2: Fly out, F4 (Popup, 4S)
Batting: LHB Ricardo Yates 0-0: Ball
1-0: Called Strike
1-1: Ball
2-1: Foul Ball, location: 2F
2-2: Strikes out swinging
Batting: SHB Marc Cadiou 0-0: Called Strike
0-1: Ball
1-1: Ball
2-1: Foul Ball, location: 2F
2-2: Foul Ball, location: 2F
2-2: Ball
3-2: Foul Ball, location: 2F
3-2: Fly out, F9 (Flyball, 8RS)
Bottom of the 6th over - 0 runs, 1 hit, 0 errors, 3 left on base; Memphis 2 - Valley View 2
TOP OF THE 7TH
Memphis Music batting - Pitching for Valley View Cougars : RHP Ian Dobson
Batting: LHB Valke van der Heide 0-0: Fly out, F2 (Popup, 25F)
Batting: RHB Richard Arnie 0-0: Ball
1-0: Swinging Strike
1-1: Swinging Strike
1-2: Ball
2-2: Strikes out swinging
Batting: LHB Luther Greene 0-0: Fly out, F8 (Flyball, 8RD)
Top of the 7th over - 0 runs, 0 hits, 0 errors, 0 left on base; Memphis 2 - Valley View 2
BOTTOM OF THE 7TH
Valley View Cougars batting - Pitching for Memphis Music : LHP Brant Mielke
Batting: RHB Gene Payne 0-0: Ground out 5-3 (Groundball, 56)
Batting: LHB Guan-pei Bei 0-0: Fly out, F6 (Line Drive, 6M)
Batting: SHB Jesús Beldad 0-0: Ball
1-0: Called Strike
1-1: SINGLE (Line Drive, 4)
Batting: RHB Luis Rodríguez 0-0: Ball
1-0: Foul Ball, location: 2F
1-1: Ball
2-1: Fly out, F6 (Popup, P)
Bottom of the 7th over - 0 runs, 1 hit, 0 errors, 1 left on base; Memphis 2 - Valley View 2
TOP OF THE 8TH
Memphis Music batting - Pitching for Valley View Cougars : RHP Ian Dobson
Batting: RHB Ryan Coakley 0-0: Called Strike
0-1: Ball
1-1: Hit by Pitch
Batting: LHB Gabriel Muńóz 0-0: Ball
1-0: SINGLE (Groundball, 6MD)
Ryan Coakley to second
Pitching: RHP Peter Routledge
Batting: RHB Pellervo Rintanen 0-0: 3-RUN HOME RUN (Flyball, 7D), Distance : 370 ft
Batting: RHB Gene Wilson 0-0: Ball
1-0: Swinging Strike
1-1: Swinging Strike
1-2: Strikes out looking
Batting: RHB Brian Cronk 0-0: Called Strike
0-1: Ball
1-1: Ground out 4-3 (Groundball, 4)
Batting: RHB Jeffrey O'Tarcert 0-0: Called Strike
0-1: Called Strike
0-2: Strikes out swinging
Top of the 8th over - 3 runs, 2 hits, 0 errors, 0 left on base; Memphis 5 - Valley View 2
BOTTOM OF THE 8TH
Valley View Cougars batting - Pitching for Memphis Music : LHP Brant Mielke
Batting: LHB Tim Gonzáles 0-0: Called Strike
0-1: Ball
1-1: Ground out U3 (Groundball, 34S)
Batting: RHB Salvador Hernández 0-0: Called Strike
0-1: Swinging Strike
0-2: Ground out 6-3 (Groundball, 6S)
Batting: RHB Domingo Cabrera 0-0: Ground out 1-3 (Groundball, 15)
Bottom of the 8th over - 0 runs, 0 hits, 0 errors, 0 left on base; Memphis 5 - Valley View 2
TOP OF THE 9TH
Memphis Music batting - Pitching for Valley View Cougars : RHP Peter Routledge
Batting: LHB Valke van der Heide 0-0: Ball
1-0: Called Strike
1-1: Ball
2-1: DOUBLE (Line Drive, 8LXD)
Batting: RHB Richard Arnie 0-0: Ground out U3 (Groundball, 34S)
Valke van der Heide to third
Batting: LHB Luther Greene 0-0: Called Strike
0-1: SINGLE (Flyball, 8RS)
Valke van der Heide scores
Batting: RHB Ryan Coakley 0-0: Called Strike
0-1: Ball
1-1: Ball
2-1: Fly out, F3 (Popup, 23F)
Batting: LHB Gabriel Muńóz 0-0: Ball
1-0: Foul Ball, location: 2F
1-1: Ball
2-1: Called Strike
2-2: Foul Ball, location: 2F
2-2: Reached on error, E6 (Groundball, 6)
Luther Greene to second
Batting: RHB Pellervo Rintanen 0-0: Ball
1-0: Called Strike
1-1: Ball
2-1: SINGLE (Groundball, 34D)
Luther Greene to third
Gabriel Muńóz to second
Runner from 3rd tries for Home, SAFE, no throw
Batting: RHB Gene Wilson 0-0: Swinging Strike
0-1: Ball
1-1: Fly out, F8 (Flyball, 8LM)
Top of the 9th over - 2 runs, 3 hits, 1 error, 2 left on base; Memphis 7 - Valley View 2
BOTTOM OF THE 9TH
Valley View Cougars batting - Pitching for Memphis Music : LHP Brant Mielke
Batting: LHB Ricardo Yates 0-0: Ball
1-0: Called Strike
1-1: Ball
2-1: Called Strike
2-2: Ball
3-2: Foul Ball, location: 2F
3-2: Strikes out swinging
Batting: SHB Marc Cadiou 0-0: Called Strike
0-1: Fly out, F9 (Flyball, 9S)
Now in RF: Wu-ti Xuan
Batting: RHB Gene Payne 0-0: Ball
1-0: Called Strike
1-1: SINGLE (Line Drive, 78M)
Batting: LHB Guan-pei Bei 0-0: Swinging Strike
0-1: Foul Ball, location: 2F
0-2: Ball
1-2: Ball
2-2: Ball
3-2: Strikes out swinging
Bottom of the 9th over - 0 runs, 1 hit, 0 errors, 1 left on base; Memphis 7 - Valley View 2
Friday, March 29th, 2019 - OOTP Baseball 18.8 Build 76